 Dungeon Crawl Stone Soup version 0.22-a0-515-g75794bf (webtiles) character file.

17 4thArraOfDagon the Ruffian (level 2, -1/29 HPs)
             Began as a Troll Monk on June 19, 2018.
             Killed from afar by an orc wizard (6 damage)
             ... with a magic dart
             ... on level 4 of the Dungeon.
             The game lasted 00:01:46 (267 turns).

4thArraOfDagon the Ruffian (Troll Monk)              Turns: 267, Time: 00:01:47

Health: -1/29      AC:  5    Str: 18    XL:     2   Next: 44%
Magic:  1/1        EV: 16    Int:  6    God:
Gold:   59         SH:  0    Dex: 17    Spells: 1/1 levels left

rFire    . . .     SeeInvis .     - Unarmed
rCold    . . .     Gourm    +   (no shield)
rNeg     . . .     Faith    .   a - +0 robe
rPois    .         Spirit   .   (helmet restricted)
rElec    .         Reflect  .   (no cloak)
rCorr    .         Harm     .   (gloves unavailable)
MR       .....                  (boots unavailable)
Stlth    +++.......             (no amulet)
HPRegen  0.49/turn              (no ring)
MPRegen  0.07/turn              (no ring)

@: agile
A: large, unfitting armour, claws 3, fast metabolism 3, gourmand, regeneration
1, shaggy fur 1, tough skin 2
a: no special abilities


You were on level 4 of the Dungeon.
You were very full.

You visited 1 branch of the dungeon, and saw 4 of its levels.

You collected 59 gold pieces.

Inventory:

Armour
 a - a +0 robe (worn)
Scrolls
 e - 2 scrolls of teleportation
 g - a scroll of immolation {unknown}
 h - a scroll of remove curse {unknown}
 i - a scroll of enchant weapon {unknown}
Potions
 f - a potion of lignification {unknown}
Comestibles
 b - 4 rations


   Skills:
 + Level 2.7 Fighting
 - Level 2.4 Dodging
 - Level 1.0 Stealth
 * Level 3.6 Unarmed Combat


You had one spell level left.
You didn't know any spells.
Your spell library was empty.

Dungeon Overview and Level Annotations

Branches:
Dungeon (4/15)
 Temple: D:4-7

Altars:
Uskayaw

Annotations:
D:4 1 runed door


Innate Abilities, Weirdness & Mutations

You are too large for most types of armour.
You have claws for hands.
Your metabolism is lightning-fast.
You like to eat raw meat.
Your natural rate of healing is unusually fast.
You are covered in fur. (AC +1)
You have very tough skin. (AC +2)


Message History

You scratch the orc wizard.
The orc wizard is severely wounded.
The orc closely misses you.
The orc wizard points at you and mumbles some strange words.
The magic dart hits you!
You are too injured to fight recklessly!
You closely miss the orc wizard.
The orc wizard is severely wounded.
Something hits you!
* * * LOW HITPOINT WARNING * * *
The orc closely misses you. The orc wizard hits you with a dagger.
* * * LOW HITPOINT WARNING * * *
Unknown command.
It was a potion of agility.
You feel agile all of a sudden. The orc closely misses you.
Something hits you but does no damage. The orc hits you but does no damage.
The orc wizard gestures at you while chanting.
The magic dart hits you!
You die...

...)......#.....
#..?......#.....
...............
###.......(......
#[....o.....# #.
#####......o>...####.
##....o...)...........
#...o{#.........†...>.
#....@#o..............
##....o#....o..........
..........#.............
###....(#...............
#.....#...............
#.....#...............
##.####...............
... #.......########
.... #.......#


You could see an orc wizard and 2 orcs.

Vanquished Creatures
  An adder (D:4)
  A leopard gecko (D:4)
  An orc (D:4)
  A hobgoblin (D:2)
  A quokka (D:4)
  2 frilled lizards (D:4)
7 creatures vanquished.

Notes
Turn   | Place    | Note
-------+----------+-------------------------------------------
     0 | D:1      | 4thArraOfDagon the Troll Monk began the quest for the Orb.
     0 | D:1      | Reached XP level 1. HP: 22/22 MP: 0/0
    35 | D:2      | Found a hide-covered altar of Uskayaw.
   156 | D:4      | Noticed an orc wizard
   219 | D:4      | Reached XP level 2. HP: 24/29 MP: 1/1
   241 | D:4      | Found a runed door.
   267 | D:4      | Killed from afar by an orc wizard

Vault maps used:
D:1:      scummos_arrival_star
D:2:      old_standard_altar, overflow_temple_1_default, serial_glass,
          glass_columns_c, glass_columns_b, glass_columns_c, glass_columns_b,
          due_unseen_surprise, tso_metal_star
D:3:      xom_teletrap_fun, first_ration, chequers_ecumenical_altar_island
D:4:      gammafunk_ghost_grave, grunt_ministairs_6, minivault_23, st_stairs_14

Action                   || total
-------------------------++-------
Melee: Unarmed           ||    25
  Use: Scroll            ||     3
       Potion            ||     2
 Stab: Sleeping          ||     1
  Eat: Chunk             ||     6
Armor: Robe              ||    14
Dodge: Dodged            ||    27

Table legend:
 A = Spawn XP
 B = Non-spawn XP
 C = Spawn XP percentage of total XP
 D = Spawn monster count
 E = Non-spawn monster count
 F = Spawn count percentage of total count
 G = Total turns spent on level
                    A         B        C        D         E        F      G
               +---------+---------+-------+---------+---------+-------+---------
         Total |       0 |      25 |   0.0 |       0 |       7 |   0.0 |   267
               +---------+---------+-------+---------+---------+-------+---------
           D:2 |       0 |       2 |   0.0 |       0 |       1 |   0.0 |    77
           D:4 |       0 |      23 |   0.0 |       0 |       6 |   0.0 |   136
               +---------+---------+-------+---------+---------+-------+---------
